 Dungeon Crawl Stone Soup version 0.31-a0-446-g07c4bd200f (webtiles) character file.

Game seed: 14253491978651134662

466 Ethylacetat the Insei (level 7, -7/37 HPs)
             Began as a Vine Stalker Monk on Aug 3, 2023.
             Was a Priest of Dithmenos.
             Mangled by an ogre
             ... wielding a +0 giant club
              (19 damage)
             ... on level 5 of the Dungeon.
             The game lasted 00:06:30 (2936 turns).

Ethylacetat the Insei (Vine Stalker Monk)           Turns: 2936, Time: 00:06:31

Health: -7/37      AC: 10    Str: 13    XL:     7   Next: 8%
Magic:  0/12       EV:  6    Int: 10    God:    Dithmenos [***...]
Gold:   251        SH:  0    Dex: 19    Spells: 11/11 levels left

rFire   . .          .
                       - Unarmed
rCold   . . .        (no shield)
rNeg    . . .        j - +0 storm dragon scales
rPois   .            (helmet currently unavailable)
rElec   +            (cloak currently unavailable)
rCorr   +            (gloves currently unavailable)
SInv    .            (boots currently unavailable)
Will    .....        (no amulet) Stlth
                     r - ring of resist corrosion
HPRegen 1.06/turn    (no ring)
MPRegen 0.13/turn

%: guardian spirit
@: beast-form, wreathed by umbra
A: beast (slay +2), fangs 2, regeneration 1, magic shield, antimagic bite, no
potion heal 2
a: Begin Untransformation, Renounce Religion, Shadow Step


You were on level 5 of the Dungeon.
You worshipped Dithmenos.
Dithmenos was most pleased with you.
You were a hulking beast.
You visited 2 branches of the dungeon, and saw 6 of its levels.

You collected 251 gold pieces.

Inventory:

Missiles
 l - 3 curare-tipped darts (quivered)
Armour
 j - +0 storm dragon scales (worn)
 t - a +1 hat
Jewellery
 r - a ring of resist corrosion (left hand)
Talismans
 h - a beast talisman (active)
Scrolls
 a - a scroll of acquirement {unknown}
 c - a scroll of brand weapon {unknown}
 e - a scroll of summoning {unknown}
 i - 4 scrolls of teleportation {unknown}
 m - 8 scrolls of revelation {unknown}
 n - a scroll of noise {unknown}
 o - a scroll of fog {unknown}
 q - 2 scrolls of identify {unknown}
Potions
 b - a potion of ambrosia
 d - a potion of brilliance {unknown}
 f - 3 potions of curing {unknown}
 g - 2 potions of resistance {unknown}
 k - a potion of attraction {unknown}
 p - a potion of heal wounds {unknown}


   Skills:
 + Level 4.0 Fighting
 - Level 2.4 Dodging
 + Level 4.3 Unarmed Combat
 + Level 2.9 Spellcasting
 * Level 3.5 Shapeshifting


You had 11 spell levels left.
You didn't know any spells.
Your spell library was empty.

Dungeon Overview and Level Annotations

Branches:
Dungeon (5/15)             Temple (1/1) D:4

Altars:
Dithmenos
Elyvilon
Fedhas
Gozag
Hepliaklqana
Kikubaaqudgha
Makhleb
Nemelex Xobeh
Okawaru
Qazlal
Ru
Sif Muna
Trog
Uskayaw
Vehumet
Wu Jian
Xom
Zin
The Shining One


Innate Abilities, Weirdness & Mutations

You are a hulking beast.
Your limbs bulge with bestial killing power. (Slay +2)
You have extremely sharp teeth.
Your natural rate of healing is unusually fast.
When hurt, damage is shared between your health and your magic reserves.
Your bite disrupts and absorbs the magic of your enemies.
Potions cannot restore your health.


Message History

The hound closely misses you. The ogre attacks as you move away!
The ogre hits you with a +0 giant club! The hound bites you but does no damage.
The hound attacks as you move away! The hound bites you. x2
You hit the hound. Your bite misses the hound.
The hound is moderately wounded.
The hound bites you but does no damage.
You closely miss the hound. Your bite misses the hound.
The hound is moderately wounded.
The hound bites you. The hound bites you but does no damage.
You closely miss the hound. You punch the hound. You bite the hound.
You drain its power.
You feel invigorated.
The hound is severely wounded.
The hound bites you.
You closely miss the hound.
The hound is severely wounded.
The hound bites you.
You barely miss the hound.
The hound is severely wounded.
The hound closely misses you. The hound bites you but does no damage.
You barely miss the hound. Your bite misses the hound.
The hound is severely wounded.
The hound bites you but does no damage.
You hit the hound but do no damage. You bite the hound.
You kill the hound!
Dithmenos accepts your kill.
Your Fighting skill increases to level 4!
You hit the ogre. You bite the ogre! You drain its power.
You feel invigorated.
The ogre is severely wounded.
The ogre closely misses you.
You hit the ogre but do no damage. You bite the ogre. You drain its power.
The ogre is almost dead.
You hit the ogre.
The ogre is almost dead.
The ogre hits you with a +0 giant club!!
* * * LOW HITPOINT WARNING * * *
The ogre attacks as you move away!
The ogre hits you with a +0 giant club!!
Ouch! That really hurt!
You die...

#.......... #...O..##
##..#.>....<#
........########
.#######†......#
#......≈≈≈≈≈≈.#
#.≈≈≈≈≈....(≈.#
#.≈...O####.≈.# #.≈.###h..#
≈.# #.≈.#_.≈≈.#.≈.#
#.≈.#...≈.#.≈.#
#≈.#.≈.#...≈.# ≈.#
#≈.#.≈.##._≈.#.≈.# ..
###≈.#.≈..)≈≈≈.#.≈.# #..
#..≈.#.≈≈≈≈....#.≈.# #...
#.#≈.#....)#####.≈.#####..#
#.#≈.######).....≈..##...#


You could see an ogre.

Vanquished Creatures
  Sigmund (D:3)
  An orc priest (D:4)
  A hound (D:5)
  A sleepcap (D:5)
  An iguana (D:5)
  2 orc wizards
  6 adders
  A worm (D:2)
  A dart slug (D:4)
  15 orcs
  7 bats
  4 endoplasms
  2 giant cockroaches
  8 goblins
  5 hobgoblins
  A jackal (D:2)
  7 kobolds
  6 quokkas
  4 ball pythons
  7 frilled lizards
  6 rats
87 creatures vanquished.

Notes
Turn   | Place    | Note
-------+----------+-------------------------------------------
     0 | D:1      | Ethylacetat the Vine Stalker Monk began the quest for the
                  | Orb.
     0 | D:1      | Reached XP level 1. HP: 11/11 MP: 2/2
   449 | D:1      | Reached XP level 2. HP: 16/16 MP: 3/3
   696 | D:1      | Reached skill level 1 in Shapeshifting
   820 | D:1      | Reached XP level 3. HP: 19/19 MP: 5/5
  1019 | D:2      | Reached skill level 1 in Spellcasting
  1124 | D:2      | Found a radiant altar of Vehumet.
  1164 | D:2      | Gained mutation: Your natural rate of healing is unusually
                  | fast. [Vine Stalker growth]
  1164 | D:2      | Reached XP level 4. HP: 24/24 MP: 6/6
  1703 | D:3      | Found a faded altar of an unknown god.
  1710 | D:3      | Prayed at the altar of an unknown god.
  1710 | D:3      | Became a worshipper of Dithmenos the Shadowed
  1710 | D:3      | Reached * piety under Dithmenos
  1710 | D:3      | Reached ** piety under Dithmenos
  1745 | D:3      | Noticed Sigmund
  1754 | D:3      | Killed Sigmund
  1755 | D:3      | Reached XP level 5. HP: 6/28 MP: 7/9
  1755 | D:3      | Reached XP level 6. HP: 7/32 MP: 7/10
  1827 | D:3      | Reached *** piety under Dithmenos
  2269 | D:4      | Found a staircase to the Ecumenical Temple.
  2276 | Temple   | Entered the Ecumenical Temple
  2789 | D:5      | Entered Level 5 of the Dungeon
  2819 | D:5      | Found a glowing silver altar of Zin.
  2821 | D:5      | Found a white marble altar of Elyvilon.
  2895 | D:5      | Reached XP level 7. HP: 37/37 MP: 12/12
  2936 | D:5      | Mangled by an ogre

Illustrated notes

Levels and vault maps discovered:
D:1:      scummos_arrival_forest, layout_loops_corners
D:2:      minmay_alternating_diamond, layout_basic, basic_altar, st_stairs_1
D:3:      layout_rooms, shapermc_ecumenical_altar_venn,
          kennysheep_generic_room_10, uniq_sigmund
D:4:      layout_loops_ring, minmay_temple_entry_slanted, minmay_misc_feat_room
D:5:      layout_rooms, mainiacjoe_overflow_brackets, nicolae_overflow_squiral,
          mainiacjoe_overflow_catwalk, minmay_circle_x
Temple:   bh_familiar_temple

Skill      XL: |  1  2  3  4  5  6  7 |
---------------+----------------------+-----
Shapeshifting  | 1 2 3 |  3.5
Spellcasting   | 1 2 |  2.9
Fighting       | 3 4 |  4.0
Unarmed Combat | 4 |  4.3
Dodging        | |  2.4

Action                     |  1- 3 |  4- 6 |  7- 9 || total
---------------------------+-------+-------+-------++-------
  Melee: Unarmed           |    71 |   140 |    14 ||   225
         Bite              |    27 |    46 |     6 ||    79
         Punch             |       |     2 |     1 ||     3
 Armour: Robe              |     7 |       |       ||     7
         Storm dragon scal |    23 |    86 |     6 ||   115
  Dodge: Dodged            |    21 |    30 |     4 ||    55
   Form: Beast             |     1 |       |       ||     1

Table legend: (Time is in decaauts)
 A = Elapsed time spent in this place.
 B = Non-inter-level travel time spent in this place.
 C = Inter-level travel time spent in this place.
 D = Time resting spent in this place.
 E = Time spent auto-exploring this place.
 F = Levels seen in this place.
 G = Mean time per level.
                   A        B        C        D        E       F      G
               +--------+--------+--------+--------+--------+-----+--------+
         Total |   2919 |   2875 |     44 |      0 |   2319 |   6 |  486.5 |
       Dungeon |   2917 |   2873 |     44 |      0 |   2319 |   5 |  583.4 |
        Temple |      1 |      1 |      0 |      0 |      0 |   1 |    1.0 |
               +--------+--------+--------+--------+--------+-----+--------+

Top non-repeatable levels by time:
     D:1: 1010 daAuts
     D:4: 659 daAuts
     D:2: 600 daAuts
     D:3: 503 daAuts
     D:5: 143 daAuts
  Temple: 1 daAuts
